 Dungeon Crawl Stone Soup version 0.17.1-3-g152610e (webtiles) character file.

2763 Laakeri the Spear-Bearer (level 9, 0/70 HPs)
             Began as a Minotaur Fighter on Apr 26, 2016.
             Was a Follower of Okawaru.
             Succumbed to a scorpion's poison
             ... on level 7 of the Dungeon.
             The game lasted 00:56:56 (6946 turns).

Laakeri the Spear-Bearer (Minotaur Fighter)         Turns: 6946, Time: 00:56:56

Health: 0/70       AC: 12    Str: 31    XL:     9   Next: 42%
Magic:  8/8        EV:  8    Int:  5    God:    Okawaru [*.....]
Gold:   310        SH:  0    Dex: 11    Spells: 0 memorised, 8 levels left

rFire  . . .     SeeInvis .     a - +1 trident
rCold  + . .     Rnd*Rage +     i - +0 chain mail {rC+}
rNeg   + . .     SustAt   .     (no shield)
rPois  .         Gourm    .     (helmet restricted)
rElec  .         Spirit   .     (no cloak)
rCorr  .         Warding  .     k - +1 pair of gloves {Str+3}
rMut   .         Stasis   .     (no boots)
MR     .....                    (no amulet)
Stlth  ..........               (no ring)
                                q - ring of positive energy

@: mighty, lethally poisoned (0 -> -3), flying, not resistant to hostile
enchantments, extremely unstealthy
A: retaliatory headbutt, horns 2, talons 1, berserk 1, shaggy fur 1, subdued
magic 1
a: Heroism, Renounce Religion


You were on level 7 of the Dungeon.
You worshipped Okawaru.
Okawaru was aware of your devotion.
You were not hungry.

You visited 2 branches of the dungeon, and saw 9 of its levels.

You collected 310 gold pieces.

Inventory:

Hand Weapons
 a - a +1 trident (weapon)
 l - a +0 halberd
Missiles
 H - 2 throwing nets (quivered)
Armour
 b - a +0 scale mail
 c - a +0 shield
 i - a +0 chain mail of cold resistance (worn)
 k - a +1 pair of gloves of strength (worn)
 z - a +1 fire dragon armour
 I - a +0 ring mail of poison resistance
Magical Staves
 w - an uncursed staff of wizardry {unknown}
Jewellery
 m - an uncursed amulet of resist mutation
 q - a ring of positive energy (left hand)
 t - a cursed -3 ring of slaying {unknown}
 v - an uncursed ring of flight {unknown}
Wands
 r - a wand of polymorph (14)
 s - a wand of frost (14)
 u - a wand of draining (3)
Scrolls
 h - a scroll of fog
 j - a scroll of amnesia
 o - 4 scrolls of identify
 y - 5 scrolls of remove curse
 B - a scroll of magic mapping
Potions
 f - a potion of magic
 n - a potion of agility
 E - a potion of brilliance
Books
 x - the Disquisition on Cold
   (You found it on level 4 of the Dungeon)

   Spells                             Type                      Level
   a - Freeze                         Ice                          1
   b - Throw Frost                    Conjuration/Ice              2
   c - Summon Ice Beast               Ice/Summoning                4
   d - Simulacrum                     Ice/Necromancy               6
 G - a book of Cantrips

   Spells                             Type                      Level
   a - Corona                         Hexes                        1
   b - Animate Skeleton               Necromancy                   1
   c - Summon Small Mammal            Summoning                    1
   d - Apportation                    Translocation                1
Comestibles
 e - 3 bread rations
 p - 3 slices of pizza
 C - 5 chunks of flesh
 D - 5 fruits


   Skills:
 - Level 3.6 Fighting
 * Level 14.8 Polearms
 - Level 3.6 Armour
 - Level 3.6 Shields


You had 8 spell levels left.
You didn't know any spells.

Dungeon Overview and Level Annotations

Branches:
Dungeon (8/15)             Temple (1/1) D:5
   Lair: D:8-11

Altars:
Ashenzari
Cheibriados
Dithmenos
Fedhas
Gozag
Kikubaaqudgha
Makhleb
Nemelex Xobeh
Okawaru
Qazlal
Ru
Sif Muna
Trog
Vehumet
Xom
Yredelemnul
Zin
The Shining One

Annotations:
D:8 Erolcha, Pikel


Innate Abilities, Weirdness & Mutations

You reflexively headbutt those who attack you in melee.
You have a pair of horns on your head.
You have sharp toenails.
You tend to lose your temper in combat.
You are covered in fur (AC +1).
Your spells are a little easier to cast, but a little less powerful.


Message History

You see here an adder corpse.
Found 24 stones.
Found a stone staircase leading down.
The scorpion stings you!
* * * LOW HITPOINT WARNING * * *
There is a stone staircase leading up here.
The scorpion stings you.
* * * LOW HITPOINT WARNING * * *
You are lethally poisoned!
The scorpion poisons you!
You climb upwards.
* * * LOW HITPOINT WARNING * * *
You feel sick.
There is a stone staircase leading down here.
It was a potion of flight.
You feel very buoyant.
You fly up into the air.
The scorpion barely misses you.
You puncture the scorpion! You claw the scorpion!
You kill the scorpion!
Okawaru accepts your kill.
You die...

.# .# .#
.# .#
.#######.#
.........#
#@.# #..#
.....
##..#.#
...#.#
#.## # #.#
#.#


There were no monsters in sight!

Vanquished Creatures
  Grinder (D:4)
  Sigmund (D:4)
  The ghost of Nekros the Magician, an amateur DEWz (D:4)
  An orc warrior (D:8)
  A sky beast (D:4)
  2 phantoms
  5 centaurs
  2 ogres
  2 giant frogs
  3 scorpions
  3 wights (D:6)
  2 crimson imps (D:5)
  A jelly (D:6)
  2 orc wizards (D:4)
  3 hounds
  An iguana (D:6)
  4 orc priests
  Natasha (twice) (D:4)
  5 worker ants
  A worker ant zombie (D:6)
  7 adders
  11 gnolls
  2 shadow imps
  An ooze (D:2)
  7 worms
  3 giant geckos
  32 orcs
  2 ball pythons
  9 bats
  12 giant cockroaches
  14 goblins
  15 hobgoblins
  7 jackals
  A quokka (D:3)
  7 giant newts
  9 kobolds
  A quokka skeleton (D:4)
  12 rats
195 creatures vanquished.

Notes
Turn   | Place    | Note
--------------------------------------------------------------
     0 | D:1      | Laakeri the Minotaur Fighter began the quest for the Orb.
     0 | D:1      | Reached XP level 1. HP: 19/19 MP: 0/0
   120 | D:1      | Reached XP level 2. HP: 23/26 MP: 1/1
   536 | D:1      | Reached skill level 4 in Polearms
   621 | D:1      | Reached XP level 3. HP: 29/31 MP: 2/2
  1282 | D:2      | Reached skill level 5 in Polearms
  1513 | D:2      | Reached XP level 4. HP: 39/39 MP: 3/3
  1987 | D:3      | Reached skill level 6 in Polearms
  2307 | D:3      | Reached XP level 5. HP: 45/45 MP: 4/4
  2695 | D:4      | Reached skill level 7 in Polearms
  3006 | D:4      | Noticed an ogre
  3012 | D:4      | Killed an ogre
  3012 | D:4      | Reached XP level 6. HP: 32/51 MP: 5/5
  3033 | D:4      | Noticed Nekros's ghost (amateur DEWz)
  3128 | D:4      | Reached skill level 8 in Polearms
  3177 | D:4      | Killed Nekros's ghost
  3177 | D:4      | Reached skill level 9 in Polearms
  3330 | D:4      | Noticed Sigmund
  3338 | D:4      | Killed Sigmund
  3338 | D:4      | Reached XP level 7. HP: 54/57 MP: 6/6
  3495 | D:4      | Found a large runed door.
  3495 | D:4      | Found a large runed door.
  3511 | D:4      | Noticed a sky beast
  3524 | D:4      | Killed a sky beast
  3524 | D:4      | Reached skill level 10 in Polearms
  3525 | D:4      | Found a large runed door.
  3525 | D:4      | Found a large runed door.
  3537 | D:4      | Identified the Disquisition on Cold
  3586 | D:4      | Gained mutation: You have sharp toenails. [mutagenic meat]
  3626 | D:4      | Noticed Natasha
  3630 | D:4      | Killed Natasha
  3669 | D:4      | Noticed Grinder
  3682 | D:4      | Killed Grinder
  3682 | D:4      | Reached skill level 11 in Polearms
  3682 | D:4      | Reached XP level 8. HP: 13/64 MP: 7/7
  4139 | D:4      | Noticed Natasha
  4143 | D:4      | Killed Natasha
  4407 | D:4      | Noticed a phantom
  4417 | D:4      | Killed a phantom
  4517 | D:5      | Entered Level 5 of the Dungeon
  4524 | D:5      | Reached skill level 12 in Polearms
  4848 | D:5      | Found a staircase to the Ecumenical Temple.
  4949 | D:5      | Reached skill level 13 in Polearms
  4957 | Temple   | Entered the Ecumenical Temple
  5097 | Temple   | Became a worshipper of Warmaster Okawaru
  6064 | D:6      | Reached XP level 9. HP: 70/70 MP: 8/8
  6262 | D:6      | Gained mutation: Your spells are a little easier to cast, but a little less powerful. [potion of mutation]
  6262 | D:6      | Gained mutation: You tend to lose your temper in combat. [potion of mutation]
  6262 | D:6      | Gained mutation: You are covered in fur (AC +1). [potion of mutation]
  6445 | D:6      | Reached skill level 14 in Polearms
  6874 | D:6      | You fall through a shaft for 2 floors!
  6906 | D:8      | Noticed Pikel
  6908 | D:8      | Noticed Erolcha
  6910 | D:8      | Reached * piety under Okawaru
  6943 | D:8      | HP: 2/70 [scorpion (4)]
  6946 | D:7      | Succumbed to a scorpion's poison

Action                   |  1- 3 |  4- 6 |  7- 9 || total
-------------------------+-------+-------+-------++-------
Melee: Trident           |   113 |   114 |   302 ||   529
  Use: Scroll            |     1 |     7 |     8 ||    16
       Potion            |       |     5 |    11 ||    16
 Stab: Invisible         |       |     1 |       ||     1
  Eat: Chunk             |     2 |       |     4 ||     6
       Bread ration      |       |     1 |     1 ||     2
       Pizza             |       |     1 |       ||     1
       Meat ration       |       |       |     1 ||     1
